 Dungeon Crawl Stone Soup version 0.30-a0-165-g1891117ce2 (webtiles) character file.

Game seed: 3041225356511523929

101 qw the Chopper (level 4, -1/28 HPs)
             Began as a Gargoyle Fighter on Sept 28, 2022.
             Slain by Ijyb
             ... wielding a +0 club
              (4 damage)
             ... on level 3 of the Dungeon.
             The game lasted 00:00:43 (1995 turns).

qw the Chopper (Gargoyle Fighter)                   Turns: 1995, Time: 00:00:43

Health: -1/28      AC: 12    Str: 21    XL:     4   Next: 75%
Magic:  4/4        EV:  9    Int: 12    God:
Gold:   44         SH:  4    Dex:  9    Spells: 3/3 levels left

rFire   + . .      SeeInvis .    Y - +0 war axe
rCold   . . .      Faith    .    c - +0 buckler
rNeg    + . .      Spirit   .    b - +0 scale mail
rPois   inf        Reflect  .    e - +0 helmet
rElec   +          Harm     .    f - +0 cloak
rCorr   .          Rampage  .    (no gloves)
Will    .....                    (no boots)
Stlth   ..........               (no amulet)
HPRegen 0.09/turn                h - ring of protection from cold
MPRegen 0.09/turn                q - ring "Rimum" {Fire Int+3 Slay+4}

@: no status effects
A: sickness immunity, AC +3, negative energy resistance 1, electricity
resistance, torment resistance 1, petrification resistance
a: no special abilities


You were on level 3 of the Dungeon.
You visited 1 branch of the dungeon, and saw 3 of its levels.

You collected 44 gold pieces.


Innate Abilities, Weirdness & Mutations

You are immune to sickness and miasma.
Your stone body is resilient. (AC +3)
You are immune to poison.
You resist negative energy. (rN+)
You are resistant to electric shocks. (rElec)
You are resistant to unholy torment.
You are immune to petrification.


   Skills:
 - Level 3.2 Fighting
 + Level 4.3 Axes
 - Level 3.2 Armour
 - Level 3.2 Shields


You had 3 spell levels left.
You didn't know any spells.
Your spell library was empty.

Inventory:

Hand Weapons
 l - a +0 mace
 Y - a +0 war axe (weapon)
Armour
 b - a +0 scale mail (worn)
 c - a +0 buckler (worn)
 e - a +0 helmet (worn)
 f - a +0 cloak (worn)
Jewellery
 h - a ring of protection from cold (left hand)
 q - the ring "Rimum" (right hand) {Fire Int+3 Slay+4}
   (You found it on level 2 of the Dungeon)

   [ring of fire]

   It enhances your fire magic.
   Int:       It affects your intelligence (+3).
   Slay:      It affects your accuracy & damage with ranged weapons and melee
   (+4).
   rF:        It protects you from fire.
   rC:        It makes you vulnerable to cold.
Scrolls
 p - a scroll of identify
Potions
 a - a potion of attraction {unknown}
 d - a potion of might
 j - a potion of ambrosia {unknown}
 k - a potion of mutation {unknown}
 m - a potion of haste {unknown}
 n - a potion of curing {unknown}
 o - a potion of heal wounds {unknown}

Dungeon Overview and Level Annotations

Branches:
Dungeon (3/15)

Altars:

Annotations:
D:3 Ijyb


Message History

You hit something but do no damage. Something hits you but does no damage.
You miss something. Something hits you. x2
You closely miss something.
You hear a zap.
A bolt of light appears from out of thin air!
The bolt of light misses you.
You miss something. Something hits you but does no damage.
You closely miss something. Something hits you but does no damage.
Something hits you.
You miss something.
You hear a zap.
A bolt of light appears from out of thin air!
The bolt of light hits you.
You are confused.
You're too confused to attack without stumbling around!
There is a strange disturbance nearby!
Something hits you but does no damage.
You're too confused to attack without stumbling around!
There is a strange disturbance nearby!
Something hits you but does no damage.
You're too confused to attack without stumbling around!
There is a strange disturbance nearby!
You feel less confused. Something hits you.
You closely miss something. Something hits you.
You hit something. Something hits you. Something hits you but does no damage.
You hit something but do no damage. Something hits you but does no damage.
You miss something. Something hits you but does no damage.
You miss something. Something completely misses you.
You closely miss something. Something hits you.
You die...

####......#.#
##.####.......#.#
..............#.#
.#.####.##........
#.###...####
#.####..#
#.......#
######.## #@#
#.{.# #.....#
#.......#
#.........#
+.........+
#...^)....#
##.......##


There were no monsters in sight!

Vanquished Creatures
  Jessica (D:2)
  3 adders (D:2)
  2 worms
  2 dart slugs
  5 endoplasms
  A giant cockroach (D:1)
  A goblin (D:1)
  A hobgoblin (D:2)
  5 jackals
  2 quokkas
  4 ball pythons
  5 bats
  2 frilled lizards (D:2)
  2 kobolds
  6 rats
42 creatures vanquished.

Vanquished Creatures (others)
  A jackal (D:3)
1 creature vanquished.

Grand Total: 43 creatures vanquished

Notes
Turn   | Place    | Note
-------+----------+-------------------------------------------
     0 | D:1      | qw the Gargoyle Fighter began the quest for the Orb.
     0 | D:1      | Reached XP level 1. HP: 14/14 MP: 1/1
     0 | D:1      | 0 ||| qw: Version: 0.2-a-10-g37ed214
     0 | D:1      | 0 ||| qw: Game counter: 723
     0 | D:1      | 0 ||| qw: Always use a shield: true
     0 | D:1      | 0 ||| qw: God list: Okawaru
     0 | D:1      | 0 ||| qw: Allow faded altars: false
     0 | D:1      | 0 ||| qw: Do Orc after D:15 true
     0 | D:1      | 0 ||| qw: Do second Lair branch before Depths: true
     0 | D:1      | 0 ||| qw: Lair rune preference: random
     0 | D:1      | 0 ||| qw: Plans: Normal, Zot:1-4, God:TSO, Crypt, Tomb,
                  | Pan, Slime:5, Hells, Abyss, Orb
     0 | D:1      | 0 ||| PLANNING D:1-11
    72 | D:1      | Reached skill level 2 in Axes
   185 | D:1      | Reached XP level 2. HP: 19/19 MP: 2/2
   185 | D:1      | Found a faded altar of an unknown god.
   696 | D:1      | 696 ||| UPGRADING to ring of protection from cold.
   697 | D:1      | 697 ||| READING scroll labelled XIUMEU UPSOVVY.
   698 | D:1      | 698 ||| READING scroll labelled ALISIO QELUCU.
   699 | D:1      | 699 ||| READING scroll labelled QECEIBBI TAEZ.
   728 | D:2      | Reached skill level 3 in Axes
   732 | D:2      | Reached XP level 3. HP: 23/23 MP: 3/3
   759 | D:2      | 759 ||| Stepping ~*~*~tactically~*~*~ (stealth).
   776 | D:2      | 776 ||| FLEEEEING.
   779 | D:2      | 779 ||| FLEEEEING.
   780 | D:2      | 780 ||| FLEEEEING.
   781 | D:2      | 781 ||| FLEEEEING.
   782 | D:2      | 782 ||| FLEEEEING.
   783 | D:2      | 783 ||| FLEEEEING.
   784 | D:2      | 784 ||| FLEEEEING.
   785 | D:2      | 785 ||| FLEEEEING.
   786 | D:2      | 786 ||| FLEEEEING.
   787 | D:2      | 787 ||| FLEEEEING.
   788 | D:2      | 788 ||| FLEEEEING.
   789 | D:2      | 789 ||| FLEEEEING.
   790 | D:2      | 790 ||| FLEEEEING.
   791 | D:2      | 791 ||| FLEEEEING.
   792 | D:2      | 792 ||| FLEEEEING.
   793 | D:2      | 793 ||| FLEEEEING.
   794 | D:2      | 794 ||| FLEEEEING.
   795 | D:2      | 795 ||| FLEEEEING.
   796 | D:2      | 796 ||| FLEEEEING.
   797 | D:2      | 797 ||| FLEEEEING.
   798 | D:2      | 798 ||| FLEEEEING.
   799 | D:2      | 799 ||| FLEEEEING.
   801 | D:2      | 801 ||| STAIRDANCE
   882 | D:1      | 882 ||| UPGRADING to +0 helmet.
   887 | D:1      | 887 ||| UPGRADING to +0 cloak.
   937 | D:2      | 937 ||| Stepping ~*~*~tactically~*~*~ (stealth).
  1260 | D:2      | 1260 ||| DROPPING +0 club.
  1294 | D:2      | Reached XP level 4. HP: 28/28 MP: 4/4
  1463 | D:2      | Noticed Jessica
  1467 | D:2      | Killed Jessica
  1468 | D:2      | Reached skill level 4 in Axes
  1691 | D:2      | Identified the ring "Rimum" {Fire Int+3 Slay+4}
  1718 | D:2      | 1718 ||| UPGRADING to ring "Rimum" {Fire Int+3 Slay+4}.
  1719 | D:2      | 1719 ||| READING scroll labelled LARESO XUEFYU.
  1720 | D:2      | 1720 ||| READING scroll labelled REISE RYNG.
  1730 | D:3      | 1730 ||| STAIRDANCE
  1974 | D:3      | Noticed Ijyb
  1990 | D:3      | HP: 5/28 [something (3)]
  1991 | D:3      | HP: 2/28 [something (3)]
  1995 | D:3      | Slain by Ijyb

Levels and vault maps discovered:
D:1:      roderic_chinese_lattice_arrival, layout_basic, basic_ecumenical_altar
D:2:      layout_loops_ring, nicolae_concentric_dashed_squares_mild,
          kennysheep_jessica_study
D:3:      layout_loops_corners, lemuel_round_altar, serial_bayou,
          serial_bayou_pond_d, serial_bayou_shore_b, serial_bayou_shore_a,
          serial_bayou_crossing, kennysheep_nondescript, uniq_ijyb,
          uniq_natasha, uniq_jessica, uniq_grinder

Skill      XL: |  1  2  3  4 |
---------------+-------------+-----
Axes           | 2 3 4 |  4.3
Fighting       | |  3.2
Armour         | |  3.2
Shields        | |  3.2

Action                   |  1- 3 |  4- 6 || total
-------------------------+-------+-------++-------
Melee: War axe           |    99 |    34 ||   133
  Use: Scroll            |     3 |     2 ||     5
Armor: Scale mail        |    55 |    15 ||    70
Dodge: Dodged            |    45 |    10 ||    55
Block: Buckler           |    21 |     3 ||    24

Table legend:
 A = Non-vault XP
 B = Vault XP
 C = Vault XP percentage of total XP
 D = Non-vault monster count
 E = Vault monster count
 F = Vault count percentage of total count
                 A         B        C        D         E       F
            +---------+---------+-------+---------+---------+-------
      Total |     106 |      39 |  26.9 |      40 |       2 |   4.8
            +---------+---------+-------+---------+---------+-------
        D:1 |      17 |       0 |   0.0 |      11 |       0 |   0.0
        D:2 |      74 |      39 |  34.5 |      23 |       2 |   8.0
        D:3 |      15 |       0 |   0.0 |       6 |       0 |   0.0
            +---------+---------+-------+---------+---------+-------
